 Dungeon Crawl Stone Soup version 0.19.0-9-gfd783f2 (webtiles) character file.

960 dobroeutro the Archer (level 7, 0/55 HPs)
             Began as a Centaur Hunter on Nov 7, 2016.
             Killed from afar by Crazy Yiuf (7 damage)
             ... with a wand of flame
             ... on level 4 of the Dungeon.
             The game lasted 00:05:33 (3638 turns).

dobroeutro the Archer (Centaur Hunter)              Turns: 3638, Time: 00:05:34

Health: 0/55       AC:  6    Str: 16    XL:     7   Next: 92%
Magic:  7/7        EV:  9    Int: 10    God:
Gold:   227        SH:  0    Dex: 10    Spells: 0 memorised, 6 levels left

rFire  . . .     SeeInvis .     a - +1 shortbow
rCold  . . .     Gourm    .     o - +2 robe
rNeg   . . .     Faith    .     (shield currently unavailable)
rPois  .         Spirit   .     (no helmet)
rElec  .         Reflect  .     (no cloak)
rCorr  .         Harm     .     (no gloves)
MR     .....                    (no barding)
Stlth  +.........               (no amulet)
                                (no ring)
                                (no ring)

@: very quick
A: hooves 3, deformed body, speed 2, tough skin 3
a: no special abilities


You were on level 4 of the Dungeon.
You were very hungry.

You visited 1 branch of the dungeon, and saw 4 of its levels.

You collected 227 gold pieces.

Inventory:

Hand Weapons
 a - a +1 shortbow (weapon)
 n - a +1 dagger of venom
 q - a +0 hand axe of flaming
Missiles
 d - 55 arrows (quivered)
Armour
 o - a +2 robe (worn)
Scrolls
 b - 2 scrolls of magic mapping
 c - 2 scrolls of identify
 h - 3 scrolls of remove curse
 i - 2 scrolls of blinking {unknown}
 k - a scroll of immolation {unknown}
 m - 2 scrolls of amnesia {unknown}
 s - 2 scrolls of fear {unknown}
 t - a scroll of teleportation
Potions
 e - 3 potions of curing {unknown}
 g - a potion of brilliance {unknown}
 j - a potion of degeneration
 l - a potion of ambrosia {unknown}
 u - a potion of agility
Comestibles
 f - 3 bread rations
 r - 3 fruits


   Skills:
 - Level 2.0 Fighting
 + Level 4.0 Axes
 + Level 11.3 Bows
 - Level 1.3 Dodging
 - Level 0.4 Stealth


You had 6 spell levels left.
You didn't know any spells.

Dungeon Overview and Level Annotations

Branches:
Dungeon (4/15)
 Temple: D:4-7

Altars:
Dithmenos
Qazlal
Ru

Annotations:
D:4 Crazy Yiuf


Innate Abilities, Weirdness & Mutations

You have hooves in place of feet.
Armour fits poorly on your strangely shaped body.
You cover ground very quickly.
You have extremely tough skin. (AC +3)


Message History

Crazy Yiuf sings, "Trees, trees, trees, circus!"
Firing (i - inventory):
d - 59 arrows (quivered)
Press: ? - help, Shift-Dir - straight line, f/p - Crazy Yiuf
Aim: Crazy Yiuf, wielding a quarterstaff of chaos and wearing a cloak (severely wounded)
You shoot an arrow. The arrow barely misses Crazy Yiuf.
Firing (i - inventory):
d - 58 arrows (quivered)
Press: ? - help, Shift-Dir - straight line, f/p - Crazy Yiuf
Aim: Crazy Yiuf, wielding a quarterstaff of chaos and wearing a cloak (severely wounded)
You shoot an arrow. The arrow closely misses Crazy Yiuf.
Firing (i - inventory):
d - 57 arrows (quivered)
Press: ? - help, Shift-Dir - straight line, f/p - Crazy Yiuf
Aim: Crazy Yiuf, wielding a quarterstaff of chaos and wearing a cloak (severely wounded)
You shoot an arrow. The arrow closely misses Crazy Yiuf.
Firing (i - inventory):
d - 56 arrows (quivered)
Press: ? - help, Shift-Dir - straight line, f/p - Crazy Yiuf
Aim: Crazy Yiuf, wielding a quarterstaff of chaos and wearing a cloak (severely wounded)
You shoot an arrow. The arrow barely misses Crazy Yiuf.
Crazy Yiuf flaps his cloak.
Crazy Yiuf zaps a wand.
The puff of flame hits you!
You die...

......# #.#
#..#### #.# #.(#
#######.# #..#
#.......# #..#
#.#####.# #..#
#.#####g# #..####
#.##....# ......#
#.##.##.#
...##.####.##.##@#
#.###............#
#.#
########...#####
#.# #.#.....# #.#
#.......# #.#
###..)..# #.#
###.....### ..#
#.........#
########
#.........#


You could see Crazy Yiuf.

Vanquished Creatures
  Sigmund (D:2)
  Edmund (D:4)
  Duvessa (D:4)
  An ogre (D:4)
  Dowan (D:4)
  A scorpion (D:4)
  3 hounds (D:4)
  An orc priest (D:3)
  Ijyb (D:3)
  Terence (D:3)
  2 worker ants (D:4)
  Robin (D:4)
  3 gnolls (D:2)
  5 adders
  A howler monkey skeleton (D:4)
  An ooze (D:4)
  A worm (D:2)
  5 leopard geckos
  3 orcs (D:3)
  4 giant cockroaches
  15 goblins
  6 hobgoblins
  3 jackals (D:3)
  A quokka (D:4)
  4 bats
  4 frilled lizards
  5 kobolds
  12 rats
88 creatures vanquished.

Notes
Turn   | Place    | Note
-------+----------+-------------------------------------------
     0 | D:1      | dobroeutro the Centaur Hunter began the quest for the Orb.
     0 | D:1      | Reached XP level 1. HP: 17/17 MP: 1/1
   257 | D:1      | Reached XP level 2. HP: 22/24 MP: 2/2
   313 | D:1      | Reached skill level 6 in Bows
   987 | D:2      | Reached XP level 3. HP: 18/29 MP: 3/3
  1184 | D:2      | Reached skill level 7 in Bows
  1193 | D:2      | Reached XP level 4. HP: 4/36 MP: 4/4
  1763 | D:2      | Noticed Sigmund
  1775 | D:2      | Killed Sigmund
  1775 | D:2      | Reached skill level 9 in Bows
  1775 | D:2      | Reached XP level 5. HP: 39/41 MP: 5/5
  2152 | D:3      | Noticed Terence
  2164 | D:3      | Killed Terence
  2164 | D:3      | Reached XP level 6. HP: 37/48 MP: 6/6
  2317 | D:3      | Noticed Ijyb
  2329 | D:3      | Killed Ijyb
  2505 | D:3      | Reached skill level 1 in Axes
  2506 | D:3      | Reached skill level 10 in Bows
  2677 | D:4      | Reached XP level 7. HP: 44/55 MP: 7/7
  2733 | D:4      | Found a stormy altar of Qazlal.
  2847 | D:4      | Found a runed door.
  2943 | D:4      | Noticed Edmund
  2968 | D:4      | Killed Edmund
  2990 | D:4      | Found a sacrificial altar of Ru.
  2992 | D:4      | Found a shadowy altar of Dithmenos.
  3029 | D:4      | Noticed Dowan
  3030 | D:4      | Noticed Duvessa
  3044 | D:4      | Killed Duvessa
  3044 | D:4      | Reached skill level 11 in Bows
  3047 | D:4      | Killed Dowan
  3580 | D:4      | Noticed Crazy Yiuf
  3580 | D:4      | Noticed Robin
  3598 | D:4      | Killed Robin
  3638 | D:4      | Killed from afar by Crazy Yiuf

Skill      XL: |  1  2  3  4  5  6  7 |
---------------+----------------------+-----
Bows           | 6 7 9 10 11 | 11.3
Axes           | 2 4 |  4.0
Fighting       | |  2.0
Dodging        | |  1.3
Stealth        | |  0.4

Action                   |  1- 3 |  4- 6 |  7- 9 || total
-------------------------+-------+-------+-------++-------
Melee: Short sword       |    97 |    40 |       ||   137
       Kick              |    15 |    21 |    11 ||    47
       Dagger            |       |    10 |     5 ||    15
       Hand axe          |       |    63 |    44 ||   107
 Fire: Shortbow          |    26 |    38 |    37 ||   101
  Use: Scroll            |     6 |       |       ||     6
  Eat: Chunk             |       |     4 |     1 ||     5
Armor: Leather armour    |    30 |    11 |       ||    41
       Robe              |       |    45 |    21 ||    66
Dodge: Dodged            |    45 |    71 |    23 ||   139
